AoeStats
← Takara Miyuki

Arena

505644678Analyzed
1v1 RM · 20d ago on Sep 10, 2026· 45m 12s· 2 players
Game mode
Random Map
Map size
Tiny (2 player)
Population
200
Speed
Normal
Resources
Standard
Victory
Conquest
Starting age
Dark Age
Ending age
Imperial Age
RankedLock teamsTeams togetherTeam positionsShared explorationLock speedFull tech treeHidden civsTurbo modeCheats
Victory
Defeat
🇩🇪 Slavs · Germany
752
+16
🇨🇳 Hindustanis · China
747
-38
Takara Miyuki
10:21 Feudal Age
15:46 Castle Age
14:56 Gold Mining
19:07 Double-Bit Axe
20:37 Horse Collar
22:14 Stone Mining
28:34 Husbandry
28:45 Bloodlines
32:39 Imperial Age
30:45 Scale Barding Armor
30:52 Forging
33:36 Iron Casting
33:22 Chain Barding Armor
33:09 Heavy Camel Rider
35:21 Imperial Camel Rider
38:22 Blast Furnace
zyzyx
9:21 Loom
11:14 Feudal Age
16:45 Castle Age
14:42 Double-Bit Axe
15:24 Horse Collar
20:32 Bow Saw
21:32 Wheelbarrow
21:12 Town Watch
21:10 Man-at-Arms
24:11 Forging
24:02 Scale Mail Armor
25:02 Hand Cart
30:47 Imperial Age
28:31 Gold Mining
28:32 Stone Mining
28:45 Heavy Plow
29:10 Chain Mail Armor
29:02 Scale Barding Armor
31:05 Long Swordsman
31:48 Squires
33:14 Two-Man Saw
32:14 Fletching
33:01 Iron Casting
32:56 Plate Mail Armor
32:47 Chain Barding Armor
32:55 Conscription
34:09 Hoardings
34:06 Masonry
33:52 Murder Holes
37:09 Ballistics
37:49 Chemistry
37:58 Blast Furnace
36:54 Bodkin Arrow
37:35 Plate Barding Armor
36:36 Two-Handed Swordsman
38:08 Town Patrol
38:22 Fortified Wall
39:01 Gold Shaft Mining
39:00 Crop Rotation
39:10 Druzhina
39:22 Champion
40:25 Pikeman
41:10 Halberdier
44:08 Elite Boyar
Connection lost

Rejoining the realm…

Still unreachable

The connection could not be restored.

Session expired

The server has moved on; the page needs a fresh start.